 Dungeon Crawl Stone Soup version 0.26-a0-808-g930a2b7adc (webtiles) character file.

Game seed: 8914095160678066625

590 EnegeticOcto the Skirmisher (level 7, 0/60 HPs)
             Began as a Palentonga Brigand on Nov 12, 2020.
             Was a Follower of Hepliaklqana.
             Slain by an orc warrior
             ... wielding a +5 quarterstaff
              (25 damage)
             ... on level 4 of the Dungeon.
             The game lasted 00:09:43 (4861 turns).

EnegeticOcto the Skirmisher (Palentonga Brigand)    Turns: 4861, Time: 00:09:44

Health: 0/60       AC: 17    Str: 14 (15) XL:     7   Next: 16%
Magic:  7/7        EV:  9    Int: 11      God:    Hepliaklqana [*.....]
Gold:   225        SH:  4    Dex: 12 (13) Spells: 6/6 levels left

rFire    . . .     SeeInvis +   o - +0 trident
rCold    + . .     Faith    .   l - +0 buckler
rNeg     . . .     Spirit   .   f - +2 robe {rC+}
rPois    .         Reflect  .   r - +2 helmet
rElec    .         Harm     .   c - +0 cloak
rCorr    .         Rampage  .   (no gloves)
MR       .....                  (no barding)
Stlth    ++........             h - amulet of magic regeneration
HPRegen  0.20/turn              (no ring)
MPRegen  0.35/turn              (no ring)

@: curled up
A: large, reduced essence, rugged brown scales 3, see invisible, deformed body,
roll, armoured tail, reflexive curl
a: Rolling Charge, Recall Ancestor, Ancestor Identity, Renounce Religion


You were on level 4 of the Dungeon.
You worshipped Hepliaklqana.
Hepliaklqana was aware of your devotion.
You visited 1 branch of the dungeon, and saw 4 of its levels.

You collected 225 gold pieces.

Inventory:

Hand Weapons
 a - a +2 dagger
 o - a +0 trident (weapon)
   (You took it off an orc on level 3 of the Dungeon)
Missiles
 d - 28 poisoned darts
 n - a curare-tipped dart (quivered)
 u - 2 throwing nets {!f}
Armour
 c - a +0 cloak (worn)
 f - a +2 robe of cold resistance (worn)
   (You took it off Jessica on level 3 of the Dungeon)
 l - a +0 buckler (worn)
   (You found it on level 2 of the Dungeon)
 r - a +2 helmet (worn)
   (You took it off Robin on level 2 of the Dungeon)
Jewellery
 h - an amulet of magic regeneration (around neck)
   (You took it off a hobgoblin on level 3 of the Dungeon)
Wands
 e - a wand of acid (10) {@v1}
   (You took it off a kobold on level 3 of the Dungeon)
Scrolls
 b - 3 scrolls of identify {@r1}
 g - a scroll of fear {!r}
 j - 6 scrolls of remove curse {@r2}
 t - a scroll of immolation
Potions
 i - a potion of lignification {@q6}
 k - 2 potions of flight
 m - a potion of curing {@q1 !q}
 p - 2 potions of brilliance


   Skills:
 + Level 5.9 Fighting
 - Level 2.0 Short Blades
 + Level 3.5 Polearms
 - Level 1.3 Throwing
 - Level 0.7 Dodging
 - Level 3.0 Stealth
 - Level 2.0 Shields


You had 6 spell levels left.
You didn't know any spells.
Your spell library was empty.

Dungeon Overview and Level Annotations

Branches:
Dungeon (4/15)             Temple (0/1) D:4

Altars:
Ashenzari
Gozag
Hepliaklqana
Makhleb
Qazlal
Trog
Vehumet
Wu Jian
Xom
Zin
Beogh

Annotations:
D:3 Grinder
D:4 Ignak's ghost, amateur OgWz


Innate Abilities, Weirdness & Mutations

You are completely covered in rugged brown scales. (AC +3, +7% HP)
You have supernaturally acute eyesight. (SInv)
Armour fits poorly on your strangely shaped body.
You can roll at foes to attack.
You have a long armoured tail.
You curl defensively after being hit.
Your life essence is reduced to manifest your ancestor. (-10% HP)


Message History

You hit the iguana.
You kill the iguana!
You see here an iguana corpse.
You open the door.
There is an open door here.
You open the door.
Found a mace.
There is an open door here.
You now have 225 gold pieces (gained 15).
You open the door.
There is an open door here.
You swap places.
There is an open door here.
You swap places.
You open the door.
There is an open door here.
You swap places.
There is an open door here.
You open the door.
There is an open door here.
You swap places.
There is an open door here.
There is an open door here.
There is an open door here.
There is an open door here.
There is an open door here.
There is a stone staircase leading up here.
An adder comes into view.
The adder hisses angrily.
You reach to attack!
You closely miss the adder. You barely miss the adder.
Your tail-slap misses the adder.
The adder bites you.
Nebetia misses the adder.
The adder barely misses you.
You hit the adder.
The adder is moderately wounded.
Nebetia hits the adder.
The adder closely misses Nebetia.
You barely miss the adder.
The adder is almost dead.
The adder bites you but does no damage.
Nebetia hits the adder.
The adder bites you.
You are poisoned.
The adder poisons you!
You hit the adder.
You kill the adder!
You feel sick.
No target in view!
No target in view!
No target in view!
No target in view!
No target in view!
No target in view!
You feel sick.
You feel sick.
You feel sick.
You feel sick.
You feel sick.
You are no longer poisoned.
There is an open door here.
There is an open door here.
Found a runed translucent gate.
The orc priest shouts!
The orc shouts! x2
The orc shouts! x2
Found a helmet, a pair of heavily runed gloves and a short sword.
Found a roughly hewn altar of Beogh.
Press: ? - help, v - describe, . - travel
Here: an orc, wielding a +0 trident and wearing a +0 ring mail (fire blocked by a runed translucent door)
The floor.
You swap places.
The orc shouts!
Ignak's ghost whispers, "They're coming for you..."
Press: ? - help, v - describe, . - travel
Here: Ignak's ghost, wielding a weapon of flaming (fire blocked by a translucent stone wall)
The floor.
You swap places.
You open the gate. You barely miss the orc.
The orc completely misses Nebetia.
Nebetia barely misses the orc.
You hit the orc warrior.
The orc warrior is lightly wounded.
The orc warrior hits you with a +5 quarterstaff!!
The orc hits Nebetia with a +0 flail.
Nebetia hits the orc.
You are too injured to fight recklessly!
Nebetia hits the orc.
The orc dies!
You barely miss the orc warrior.
The orc warrior is lightly wounded.
The orc warrior hits you with a +5 quarterstaff!
Nebetia hits the orc warrior.
The orc warrior barely misses you.
Evoke which item? (* to show all) (? for menu, Esc to quit)
Press: ? - help, Shift-Dir - straight line, f - orc priest
Aim: an orc priest, wielding a +0 flail and wearing a +0 ring mail The bolt of acid misses the orc warrior.
The bolt of acid hits the orc priest!
The orc priest is splashed with acid.
The acid corrodes the orc priest!
You kill the orc priest!
Nebetia hits the orc warrior.
You block the orc's attack.
Nebetia hits the orc.
Nebetia hits Ignak's ghost but does no damage.
Nebetia barely misses Ignak's ghost.
The orc warrior hits you with a +5 quarterstaff!!
You die...

.......#[..o#.'.##
<....#.#_.8.#.'..#
.....###[..o#.)..#
.....# ...o#.#oR#
.....# ..##..#..#
....####..8#..#.W#
....##.#..##..#.o#
.......#8.....#oo#
.......########8@#
.##.##...........#
.#################
..# ..# '## .##
..# ..#


You could see the friendly Nebetia the ancestor, an orc warrior, an orc priest,
Ignak's ghost and 4 orcs.

Vanquished Creatures
  A scorpion (D:3)
  3 hounds (D:4)
  An orc priest (D:4)
  2 orc wizards (D:3)
  Jessica (D:3)
  An iguana (D:4)
  2 worker ants (D:4)
  Robin (D:2)
  5 adders
  2 worms (D:2)
  A leopard gecko (D:4)
  11 orcs
  2 ball pythons
  4 giant cockroaches
  18 hobgoblins
  8 jackals
  A quokka (D:2)
  9 bats
  4 frilled lizards
  14 goblins
  7 kobolds
  9 rats
107 creatures vanquished.

Vanquished Creatures (collateral kills)
  A hound (D:4)
  An orc wizard (D:3)
  An adder (D:4)
  An ooze (D:4)
  3 orcs
  2 bats
  A hobgoblin (D:2)
  2 jackals
  A quokka (D:3)
  3 goblins (D:2)
  A quokka skeleton (D:4)
  A rat (D:3)
18 creatures vanquished.

Vanquished Creatures (others)
  3 ancestors
3 creatures vanquished.

Grand Total: 128 creatures vanquished

Notes
Turn   | Place    | Note
-------+----------+-------------------------------------------
     0 | D:1      | EnegeticOcto the Palentonga Brigand began the quest for the
                  | Orb.
     0 | D:1      | Reached XP level 1. HP: 18/18 MP: 1/1
    52 | D:1      | Reached skill level 3 in Stealth
    65 | D:1      | Reached XP level 2. HP: 12/25 MP: 2/2
   462 | D:1      | Reached skill level 3 in Fighting
   784 | D:2      | Reached XP level 3. HP: 25/33 MP: 3/3
  1288 | D:2      | Found a burning altar of Makhleb.
  1289 | D:2      | Found a hazy altar of Hepliaklqana.
  1290 | D:2      | Found an ornate altar of the Wu Jian Council.
  1307 | D:2      | Became a worshipper of Hepliaklqana the Forgotten
  1381 | D:2      | Found a bloodstained altar of Trog.
  1510 | D:3      | Noticed a scorpion
  1518 | D:3      | Killed a scorpion
  1518 | D:3      | Reached skill level 4 in Fighting
  1518 | D:3      | Reached XP level 4. HP: 38/38 MP: 4/4
  1718 | D:3      | Reached skill level 1 in Shields
  2086 | D:3      | Found a radiant altar of Vehumet.
  2092 | D:3      | Found an opulent altar of Gozag.
  2094 | D:3      | Found a stormy altar of Qazlal.
  2096 | D:3      | Found a shimmering altar of Xom.
  2097 | D:3      | Found a glowing silver altar of Zin.
  2098 | D:3      | Found a broken altar of Ashenzari.
  2165 | D:3      | Noticed Grinder
  2308 | D:3      | Noticed Jessica
  2314 | D:3      | Killed Jessica
  2314 | D:3      | Reached skill level 1 in Polearms
  2314 | D:3      | Reached XP level 5. HP: 45/45 MP: 5/5
  2450 | D:2      | Noticed Robin
  2482 | D:2      | Killed Robin
  2927 | D:2      | You fall into a shaft and drop 1 floor!
  3278 | D:3      | Paralysed by Grinder for 7 turns
  3342 | D:3      | Reached skill level 2 in Polearms
  3342 | D:3      | Reached skill level 2 in Shields
  3342 | D:3      | Reached XP level 6. HP: 31/53 MP: 6/6
  3703 | D:4      | Reached * piety under Hepliaklqana
  3745 | D:4      | Reached skill level 5 in Fighting
  3937 | D:4      | Found a staircase to the Ecumenical Temple.
  3964 | D:4      | Reached skill level 3 in Polearms
  4499 | D:4      | Gained mutation: You curl defensively after being hit.
                  | [Palentonga growth]
  4499 | D:4      | Reached XP level 7. HP: 43/60 MP: 7/7
  4837 | D:4      | Found a runed translucent gate.
  4838 | D:4      | Found a runed translucent gate.
  4839 | D:4      | Found a runed translucent gate.
  4839 | D:4      | Identified the +1 ring mail "Gets" {rElec Str+3}
  4841 | D:4      | Noticed Ignak's ghost (amateur OgWz)
  4845 | D:4      | Found a roughly hewn altar of Beogh.
  4861 | D:4      | Slain by an orc warrior

Illustrated notes

Levels and vault maps discovered:
D:1:      lightli_arrival_maybe_door_vault, layout_rooms, minmay_statues_item
D:2:      minmay_angry_zag, layout_basic, lightli_temple_of_fire,
          chequers_temple_overflow_statue_of_worship, uniq_robin
D:3:      kennysheep_big_flooded_room, layout_rooms, minitemple, uniq_jessica,
          uniq_grinder
D:4:      layout_gridville, minmay_temple_entry_glass,
          biasface_ghost_orc_armoury

Skill      XL: |  1  2  3  4  5  6 |
---------------+-------------------+-----
Stealth        | 3 |  3.0
Fighting       | 3 4 5 |  5.9
Shields        | 1 2 |  2.0
Polearms       | 1 2 3 |  3.5
Short Blades   | |  2.0
Throwing       | |  1.3
Dodging        | |  0.7

Action                   |  1- 3 |  4- 6 |  7- 9 || total
-------------------------+-------+-------+-------++-------
Melee: Dagger            |    95 |    34 |       ||   129
       Tailslap          |     8 |    17 |       ||    25
       Trident           |       |   178 |    12 ||   190
Throw: Dart              |     2 |    13 |       ||    15
       Throwing net      |       |     2 |       ||     2
Invok: Recall Ancestor   |       |     4 |       ||     4
 Abil: Rolling Charge    |    12 |    20 |       ||    32
Evoke: Wand              |       |       |     1 ||     1
  Use: Scroll            |     2 |    11 |       ||    13
       Potion            |       |     4 |       ||     4
 Stab: Sleeping          |       |     6 |       ||     6
       Distracted        |       |     3 |       ||     3
       Invisible         |       |     5 |       ||     5
Armor: Robe              |    25 |    77 |     2 ||   104
Dodge: Dodged            |    33 |    83 |     3 ||   119
Block: Buckler           |     1 |    38 |     1 ||    40

Table legend: (Time is in decaauts)
 A = Elapsed time spent in this place.
 B = Non-inter-level travel time spent in this place.
 C = Inter-level travel time spent in this place.
 D = Time resting spent in this place.
 E = Time spent auto-exploring this place.
 F = Levels seen in this place.
 G = Mean time per level.
                   A        B        C        D        E       F      G
               +--------+--------+--------+--------+--------+-----+--------+
         Total |   4881 |   4658 |    223 |    162 |   3534 |   4 | 1220.2 |
       Dungeon |   4881 |   4658 |    223 |    162 |   3534 |   4 | 1220.2 |
               +--------+--------+--------+--------+--------+-----+--------+

Top non-repeatable levels by time:
     D:3: 1405 daAuts
     D:2: 1338 daAuts
     D:4: 1185 daAuts
     D:1: 952 daAuts
